 Dungeon Crawl Stone Soup version 0.30-a0-651-g0755cc6dcf (webtiles) character file.

Game seed: 14101733487462066072

21109 Caratheodory the Grappler (level 12, -1/88 HPs)
             Began as an Octopode Cinder Acolyte on Jan 17, 2023.
             Was a Believer of Ignis.
             Slain by an elephant (14 damage)
             ... on level 3 of the Lair of Beasts.
             The game lasted 00:57:31 (14610 turns).

Caratheodory the Grappler (OpCA)                   Turns: 14610, Time: 00:57:32

Health: -1/88      AC:  6    Str: 20    XL:     12   Next: 86%
Magic:  19/22      EV: 24    Int: 20    God:    Ignis [**....]
Gold:   880        SH:  5    Dex: 13    Spells: 19/25 levels left

rFire   + . .      SeeInvis .      - Unarmed
rCold   . . .      Faith    .    (shield currently unavailable)
rNeg    . . .      Spirit   .    (helmet currently unavailable)
rPois   x          Reflect  +    x - amulet of Attitude {Reflect -Tele rElec Will+ Regen+ SH+5}
rElec   +          Harm     .    f - ring of flight
rCorr   .          Rampage  .    C - ring of wizardry
Will    +....      NoTele   +    F - +6 ring of strength
Stlth   +                        H - +4 ring of protection
HPRegen 1.14/turn                (no ring)
MPRegen 0.18/turn                (no ring)
                                 (no ring)
                                 (no ring)

@: lethally poisoned (-1 -> -1), spider-form, flying
A: venomous fangs, almost no armour, (amphibious), 8 rings, tiny, (camouflage
1), (gelatinous body 1), (nimble swimmer 1), (tentacles)
a: End Transformation, Renounce Religion, Fiery Armour, Foxfire Swarm


You were on level 3 of the Lair of Beasts.
You worshipped Ignis.
Ignis was pleased with you.
You were a venomous arachnid creature.
You visited 2 branches of the dungeon, and saw 13 of its levels.

You collected 880 gold pieces.

Inventory:

Missiles
 i - 5 javelins
 k - 5 throwing nets
 u - 14 poisoned darts (quivered)
 B - 4 silver javelins
Jewellery
 f - a ring of flight (left front pincers)
 h - a ring of fire
 x - the amulet of Attitude (around neck) {Reflect -Tele rElec Will+ Regen+ SH+5}
   (You found it on level 4 of the Dungeon)

   [amulet of reflection]

   It reflects blocked missile attacks.
   rElec:     It insulates you from electricity.
   -Tele:     It prevents most forms of teleportation.
   Regen:     It increases your rate of health regeneration.
   SH:        It affects your SH (+5).
   Will:      It increases your willpower.
 C - a ring of wizardry (right front pincers)
 F - a +6 ring of strength (on tentacle)
 H - a +4 ring of protection (on tentacle)
 I - an amulet of magic regeneration
Wands
 e - a wand of flame (22)
 y - a wand of iceblast (17)
 K - a wand of acid (5)
Scrolls
 b - 3 scrolls of fog
 g - 5 scrolls of immolation
 j - 3 scrolls of silence
 p - 9 scrolls of teleportation
 q - 2 scrolls of amnesia
 r - 2 scrolls of noise {unknown}
 t - 2 scrolls of torment {unknown}
 v - 5 scrolls of magic mapping
 D - a scroll of acquirement {unknown}
 E - 3 scrolls of blinking {unknown}
 J - a scroll of enchant armour {unknown}
Potions
 a - 3 potions of degeneration {unknown}
 c - a potion of berserk rage {unknown}
 d - 3 potions of flight
 l - 2 potions of resistance {unknown}
 m - 4 potions of attraction {unknown}
 n - 4 potions of curing
 o - a potion of lignification
 s - 4 potions of might
 w - 2 potions of haste {unknown}
 z - 7 potions of mutation
 A - 2 potions of brilliance {unknown}
 G - 6 potions of ambrosia


   Skills:
 + Level 10.3 Fighting
 - Level 10.0 Dodging
 + Level 10.5 Unarmed Combat
 + Level 7.0 Spellcasting
 - Level 1.1 Transmutations
 - Level 3.0 Fire Magic
 + Level 9.7 Air Magic


You had 19 spell levels left.
You knew the following spells:

 Your Spells              Type           Power      Damage    Failure   Level
b - Vhi's Electric Charg  Tloc/Air       52%        N/A       4%          3
c - Spider Form           Tmut/Pois      9%         N/A       19%         3

Your spell library contained the following spells:

 Spells                   Type           Power      Damage    Failure   Level
 Scorch                   Fire           38%        2d7       5%          2
 Wereblood                Tmut           11%        N/A       9%          2
 Freeze                   Ice            28%        1d5       10%         1
 Summon Small Mammal      Summ           28%        N/A       10%         1
 Sublimation of Blood     Necr           7%         N/A       13%         2
 Call Canine Familiar     Summ           7%         N/A       22%         3
 Frozen Ramparts          Ice            14%        1d3       22%         3
 Hailstorm                Conj/Ice       7%         3d4       22%         3
 Portal Projectile        Hex/Tloc       14%        N/A       22%         3
 Summon Guardian Golem    Hex/Summ       7%         N/A       22%         3
 Tukima's Dance           Hex            7%         N/A       22%         3
 Arcjolt                  Conj/Air       13%        1d23      26%         5
 Passage of Golubria      Tloc           7%         N/A       52%         4
 Blade Hands              Tmut           5%         N/A       67%         5
 Alistair's Intoxication  Tmut/Pois      6%         N/A       75%         5
 Yara's Violent Unravell  Hex/Tmut       4%         3d4       75%         5
 Maxwell's Capacitive Co  Air            23%        ∞         99%         8
 Summon Hydra             Summ           3%         N/A       100%        7


Dungeon Overview and Level Annotations

Branches:
Dungeon (10/15)            Temple (0/1) D:6            Lair (3/5) D:8
  Snake (0/4) Lair:2          Orc (0/2) D:9
  Swamp: Lair:2-3    Shoals: Lair:2-3

Altars:
Uskayaw
Vehumet

Shops:
D:10 [

Annotations:
Lair:1 1 runed translucent door, Tinylith's ghost, journeyman DsBe
Lair:3 Fannar


Innate Abilities, Weirdness & Mutations

You are a venomous arachnid creature.
You have venomous fangs.
You are tiny and dextrous.
Your spellcasting is less reliable in this form.
Your armour is entirely melded.
You are incapable of wielding weapons or throwing items.
You cannot wear most types of armour.
((You are amphibious.))
You can wear up to eight rings at the same time.
((Your skin changes colour to match your surroundings (Stealth+).))
((Your rubbery body absorbs attacks. (AC +1, EV +1)))
((You are camouflaged when in or above water. (Stealth+)))
((You have tentacles for arms and can constrict up to eight enemies at once.))


Message History

You closely miss the cane toad. You grab the cane toad.
You tentacle-slap the cane toad!
The cane toad is moderately wounded.
You constrict the cane toad, but do no damage.
You block the cane toad's attack.
You bludgeon the cane toad! You squeeze the cane toad.
The cane toad is severely wounded.
You constrict the cane toad. You tentacle-slap the cane toad.
The cane toad is almost dead.
You constrict the cane toad. The cane toad stings you!
You are poisoned.
The cane toad poisons you! The cane toad stings you!
You bludgeon the cane toad!
You kill the cane toad!
You feel very sick.
Your life force feels restored.
You feel very sick.
You feel very sick.
You feel sick.
You feel very sick.
You feel sick.
You feel sick.
You feel sick. The elephant tramples you!
* * * LOW HITPOINT WARNING * * *
You are shoved backwards!
Casting: Spider Form (dangerous; 9% risk of failure)
Confirm with . or Enter, or press ? or * to list all spells.
You turn into a venomous arachnid creature.
You feel sick. The elephant completely misses you.
You block the elephant's attack.
As you read the scroll labelled EKHOES OFOE, it crumbles to dust.
It is a scroll of amnesia.
Forget Scorch, freeing 2 spell levels for a total of 19?
Your memory of Scorch unravels.
You feel sick. The elephant barely misses you. You block the elephant's attack.
You bite the elephant!
The elephant is poisoned.
The elephant is lightly wounded.
You feel sick. The elephant tramples you!
You die...

.#....P# #P.##.#
##..# ......##
#....#######..##
.#...##
#...#.##..##.# .....#
#...........# #P..##
#..#.#.##P.## ##.####
#...########
##.#..#### #####..##
#..[.....####..##Y.P#
#...............sr.##
###P................#
#######.###########
#.# ###


You could see an elephant (very poisoned) and a hell rat.

Vanquished Creatures
  Harold (D:9)
  2 hydras (Lair:3)
  A two-headed ogre (D:9)
  Pikel (D:4)
  An oklob plant (Lair:2)
  An elephant (Lair:3)
  2 black mambas
  5 cane toads
  6 komodo dragons
  A rime drake (Lair:2)
  2 trolls
  A queen bee (D:9)
  11 blink frogs
  5 wyverns
  7 yaks
  3 basilisks
  2 steam dragons
  Grum (D:8)
  3 nagas (Lair:2)
  8 water moccasins
  8 orc warriors
  2 sky beasts (D:7)
  2 ice beasts
  3 ogres
  9 wolves
  4 centaurs
  2 phantoms
  A kobold brigand (D:9)
  2 gnoll sergeants
  8 bullfrogs
  5 scorpions
  2 necrophages
  11 wights
  37 killer bees
  6 howler monkeys
  An electric eel (Lair:2)
  2 jellies
  9 orc priests
  5 hounds
  A gnoll bouda (D:7)
  8 iguanas
  3 orc wizards
  A hell rat (Lair:3)
  11 gnolls
  6 adders
  3 white imps
  3 ufetubi
  3 worms
  2 dart slugs (D:2)
  40 orcs
  7 ball pythons
  5 endoplasms
  3 giant cockroaches
  8 goblins
  11 hobgoblins
  16 jackals
  4 quokkas
  6 bats
  10 frilled lizards
  14 kobolds
  2 rats
350 creatures vanquished.

Vanquished Creatures (others)
  27 foxfires
  11 fungi
  24 plants
62 creatures vanquished.

Grand Total: 412 creatures vanquished

Notes
Turn   | Place    | Note
-------+----------+-------------------------------------------
     0 | D:1      | Caratheodory the Octopode Cinder Acolyte began the quest
                  | for the Orb.
     0 | D:1      | Reached XP level 1. HP: 16/16 MP: 2/2
   146 | D:1      | Reached XP level 2. HP: 17/21 MP: 3/3
   312 | D:1      | Reached skill level 1 in Dodging
   565 | D:1      | Reached XP level 3. HP: 26/26 MP: 5/5
   874 | D:2      | Reached skill level 1 in Air Magic
   930 | D:2      | Found a faded altar of an unknown god.
  1276 | D:2      | Reached XP level 4. HP: 31/31 MP: 6/6
  1895 | D:2      | Got the Writings on Overcast Transmigration
  2560 | D:3      | Found a hide-covered altar of Uskayaw.
  2619 | D:3      | Found a radiant altar of Vehumet.
  2933 | D:4      | Noticed a necrophage
  2945 | D:4      | Killed a necrophage
  2946 | D:4      | Reached XP level 5. HP: 36/36 MP: 6/8
  3042 | D:4      | Reached XP level 6. HP: 43/43 MP: 9/9
  3168 | D:4      | Noticed Pikel
  3189 | D:4      | Killed Pikel
  3190 | D:4      | Reached XP level 7. HP: 11/49 MP: 9/11
  3756 | D:4      | Reached XP level 8. HP: 40/54 MP: 12/12
  3863 | D:4      | Reached skill level 5 in Dodging
  4023 | D:4      | Identified the amulet of Attitude {Reflect -Tele rElec
                  | Will+ Regen+ SH+5}
  4122 | D:5      | Entered Level 5 of the Dungeon
  4255 | D:5      | Reached skill level 5 in Unarmed Combat
  4461 | D:5      | Learned a level 2 spell: Scorch
  4573 | D:5      | Reached skill level 5 in Fighting
  5098 | D:6      | Reached XP level 9. HP: 18/61 MP: 10/13
  5142 | D:6      | Learned a level 3 spell: Vhi's Electric Charge
  5499 | D:6      | Found a staircase to the Ecumenical Temple.
  5765 | D:7      | Reached skill level 5 in Air Magic
  5785 | D:7      | You are sucked into a shaft and drop 1 floor!
  6026 | D:7      | Noticed a troll
  6144 | D:7      | Killed a troll
  6525 | D:7      | Identified the +5 quarterstaff of Bloodstone {holy, rF-
                  | MP+9 SInv Stlth+}
  6809 | D:8      | Reached XP level 10. HP: 65/69 MP: 9/14
  6979 | D:8      | Noticed Grum
  7418 | D:8      | Killed Grum
  7931 | D:8      | Found a staircase to the Lair.
  8395 | D:9      | Found a staircase to the Orcish Mines.
  8412 | D:9      | Reached skill level 1 in Transmutations
  8416 | D:9      | Reached skill level 10 in Dodging
  8484 | D:9      | Learned a level 3 spell: Spider Form
  8488 | D:9      | Noticed a two-headed ogre
  8680 | D:9      | Reached XP level 11. HP: 60/76 MP: 13/15
  8753 | D:9      | Noticed Harold
  8761 | D:9      | Killed Harold
  9309 | D:9      | Killed a two-headed ogre
 10010 | D:10     | Entered Level 10 of the Dungeon
 10252 | D:10     | Found Ugaa's Antique Armour Shop.
 10948 | D:10     | Reached skill level 5 in Spellcasting
 11445 | Lair:1   | Entered Level 1 of the Lair of Beasts
 12180 | Lair:1   | Reached XP level 12. HP: 85/85 MP: 17/20
 12320 | Lair:1   | Found a runed translucent door.
 12320 | Lair:1   | Identified the +3 trident of the Spinneret {pain, Fragile
                  | rElec rPois}
 12324 | Lair:1   | Noticed Tinylith's ghost (journeyman DsBe)
 12992 | Lair:2   | Found a staircase to the Snake Pit.
 13543 | Lair:2   | Reached skill level 10 in Unarmed Combat
 13846 | Lair:2   | Reached skill level 10 in Fighting
 14317 | Lair:3   | Noticed Fannar
 14389 | Lair:3   | Noticed a five-headed hydra
 14397 | Lair:3   | Killed a five-headed hydra
 14465 | Lair:3   | Noticed a seven-headed hydra
 14471 | Lair:3   | Killed a seven-headed hydra
 14610 | Lair:3   | Slain by an elephant

Illustrated notes

Levels and vault maps discovered:
D:1:      dpeg_arrival_simpleton_a, layout_loops_ring, corner_web_ring
D:2:      layout_basic, shapermc_ecumenical_altar_hornbeckon,
          serial_co_window_serial, co_window_corner_a, co_window_paths_b,
          co_window_paths_a, co_window_paths_b, co_window_paths_a,
          co_window_2corner, co_window_2corner, co_window_broadway_c,
          co_window_unsneaky_path_b, co_window_unsneaky_path_d,
          co_window_2corner, co_window_unsneaky_path_e, co_window_paths_e,
          glass_columns_a, glass_columns_a, glass_columns_a, minmay_tromino_i4
D:3:      layout_basic, mainiacjoe_overflow_catwalk_spiral
D:4:      nicolae_cairo_tiling_large_dashed, layout_basic,
          minmay_goblin_kobold_house, uniq_pikel
D:5:      layout_rooms
D:6:      layout_rooms, minmay_temple_entry_proselytizer
D:7:      layout_basic, wad_floor_pattern_1
D:8:      layout_basic, erik_lair_dragon, minmay_lizard_king, uniq_grum
D:9:      layout_roguey [special_room_bee], orc_0_dummy,
          corexii_leaking_fountain, uniq_harold
D:10:     layout_loops_cross, special_room [special_room_orc], serial_shops,
          nicolae_inconvenience_store
Lair:1:   layout_layer_cave, ebering_ghost_funeral_grove,
          grunt_forest_small_clearings, serial_bayou_pond_d,
          infiniplex_staircase_pool_2
Lair:2:   layout_hall_layers, nicolae_snake_entry_squirm, grunt_megastairs_3,
          serial_bayou_shore_a
Lair:3:   layout_loops_ring, shoals_dummy_entry, uniq_fannar

Skill      XL: |  1  2  3  4  5  6  7  8  9 10 11 12 |
---------------+-------------------------------------+-----
Dodging        | 1 2 3 4 6 8 10 | 10.0
Air Magic      | 1 2 3 4 5 6 8 9 |  9.7
Spellcasting   | 2 3 5 7 |  7.0
Fighting       | 4 5 6 7 9 10 | 10.3
Unarmed Combat | 4 5 6 7 9 10 | 10.5
Transmutations | 1 |  1.1
Fire Magic     | |  3.0

Action                   |  1- 3 |  4- 6 |  7- 9 | 10-12 || total
-------------------------+-------+-------+-------+-------++-------
Melee: Unarmed           |    98 |   109 |   248 |   658 ||  1113
       Tentacles         |    22 |    18 |    61 |    86 ||   187
       Constrict         |    25 |    18 |    46 |    63 ||   152
       Punch             |     1 |       |    12 |    25 ||    38
Throw: Dart              |       |     8 |     6 |     5 ||    19
       Javelin           |       |     1 |     1 |     5 ||     7
 Cast: Scorch            |       |       |    32 |    49 ||    81
       Vhi's Electric Ch |       |       |     4 |    29 ||    33
       Spider Form       |       |       |       |    34 ||    34
Invok: Fiery Armour      |       |     2 |     1 |     4 ||     7
       Foxfire Swarm     |       |     1 |     1 |       ||     2
       Rising Flame      |       |       |       |     1 ||     1
Evoke: Wand              |       |       |     5 |     4 ||     9
  Use: Scroll            |       |       |     5 |     6 ||    11
       Potion            |       |       |       |    10 ||    10
 Stab: Sleeping          |     1 |     5 |     2 |     1 ||     9
       Distracted        |     1 |       |       |       ||     1
Armor: Skin              |     5 |    15 |     8 |    67 ||    95
Dodge: Dodged            |    48 |    71 |    99 |   392 ||   610
Block: Other             |       |       |    31 |   129 ||   160
       Reflection        |       |       |       |     1 ||     1

Table legend: (Time is in decaauts)
 A = Elapsed time spent in this place.
 B = Non-inter-level travel time spent in this place.
 C = Inter-level travel time spent in this place.
 D = Time resting spent in this place.
 E = Time spent auto-exploring this place.
 F = Levels seen in this place.
 G = Mean time per level.
                   A        B        C        D        E       F      G
               +--------+--------+--------+--------+--------+-----+--------+
         Total |  14478 |  13966 |    512 |      0 |  10703 |  13 | 1113.7 |
       Dungeon |  11350 |  10880 |    470 |      0 |   8246 |  10 | 1135.0 |
          Lair |   3128 |   3086 |     42 |      0 |   2457 |   3 | 1042.7 |
               +--------+--------+--------+--------+--------+-----+--------+

Top non-repeatable levels by time:
     D:8: 1733 daAuts
     D:9: 1637 daAuts
  Lair:2: 1523 daAuts
  Lair:1: 1344 daAuts
     D:2: 1261 daAuts
     D:4: 1220 daAuts
    D:10: 1217 daAuts
     D:7: 1087 daAuts
     D:3: 878 daAuts
     D:6: 815 daAuts
     D:1: 782 daAuts
     D:5: 716 daAuts
  Lair:3: 260 daAuts
